 Dungeon Crawl Stone Soup version 0.21-a0-84-g85d6d27 (webtiles) character file.

2677 slavetoarmok the Cleaver (level 9, 0/83 HPs)
             Began as a Hill Orc Monk on July 1, 2017.
             Was a Priest of Beogh.
             Killed from afar by an orc wizard (12 damage)
             ... with a puff of flame
             ... on level 7 of the Dungeon.
             The game lasted 00:16:17 (8732 turns).

slavetoarmok the Cleaver (Hill Orc Monk)            Turns: 8732, Time: 00:16:17

Health: 0/83       AC: 11    Str: 16    XL:     9   Next: 64%
Magic:  13/13      EV: 13    Int: 11    God:    Beogh [***...]
Gold:   138        SH:  3    Dex: 13    Spells: 8/8 levels left

rFire    . . .     SeeInvis .   k - +3 hand axe
rCold    . . .     Gourm    .   m - +0 buckler
rNeg     . . .     Faith    .   y - +0 ring mail
rPois    +         Spirit   .   F - +0 helmet (curse)
rElec    .         Reflect  .   (no cloak)
rCorr    .         Harm     .   d - +1 pair of gloves
MR       .....                  g - +0 pair of boots
Stlth    +.........             (no amulet)
HPRegen  0.23/turn              (no ring)
MPRegen  0.13/turn              (no ring)

@: lethally poisoned (0 -> -1)
A: molten scales 1, poison resistance, screaming 1
a: Smiting, Renounce Religion


You were on level 7 of the Dungeon.
You worshipped Beogh.
Beogh was most pleased with you.
You were hungry.

You visited 1 branch of the dungeon, and saw 7 of its levels.

You collected 336 gold pieces.
You spent 198 gold pieces at shops.

Inventory:

Hand Weapons
 a - a +0 hand axe
 k - a +3 hand axe (weapon)
Missiles
 t - 2 throwing nets (quivered)
Armour
 d - a +1 pair of gloves (worn)
 g - a +0 pair of boots (worn)
 m - a +0 buckler (worn)
 y - a +0 ring mail (worn)
 F - a cursed +0 helmet (worn)
Jewellery
 h - an uncursed ring of wizardry {unknown}
 q - a cursed ring of positive energy {unknown}
 w - a +4 ring of strength {unknown}
 A - an uncursed ring of see invisible {unknown}
 G - an uncursed amulet of guardian spirit {unknown}
Wands
 p - a wand of flame (15/48)
 C - a wand of flame (30/48)
 D - a wand of flame (30/48)
Scrolls
 e - 3 scrolls of immolation {unknown}
 i - a scroll of enchant weapon {unknown}
 j - 14 scrolls of identify {unknown}
 l - 5 scrolls of remove curse
 s - 2 scrolls of teleportation
 v - a scroll of fear {unknown}
 B - a scroll of recharging {unknown}
 E - a scroll of brand weapon {unknown}
Potions
 n - a potion of agility
 r - 2 potions of cancellation
 x - 2 potions of curing
 z - 2 potions of haste
 H - 2 potions of might {unknown}
Comestibles
 c - 8 bread rations
 f - 4 meat rations
 o - 2 royal jellies


   Skills:
 + Level 9.1 Fighting
 + Level 9.8 Axes
 + Level 5.9 Dodging
 - Level 1.5 Stealth
 + Level 6.6 Invocations


You had 8 spell levels left.
You didn't know any spells.

Dungeon Overview and Level Annotations

Branches:
Dungeon (7/15)             Temple (0/1) D:7

Altars:
The Shining One

Shops:
D:5 !

Annotations:
D:3 1 runed door


Innate Abilities, Weirdness & Mutations

You are partially covered in molten scales. (AC +2)
Your system is resistant to poisons. (rPois)
You occasionally shout uncontrollably at your foes.


Message History

The puff of frost hits you!
* * * LOW HITPOINT WARNING * * *
The orc priest hits you but does no damage.
You closely miss the orc wizard.
The orc wizard is moderately wounded.
The orc wizard gestures at you while chanting.
The puff of flame hits you!
* * * LOW HITPOINT WARNING * * *
The orc priest hits you but does no damage.
The orc wizard closely misses you.
You closely miss the orc wizard.
The orc wizard is moderately wounded.
You feel sick. The orc wizard misses you. The orc priest barely misses you.
The orc wizard closely misses you.
The orc priest calls upon Beogh to heal the orc wizard.
The orc wizard's wounds heal themselves!
The orc wizard gestures at you while chanting.
The puff of flame hits you!
You die...
Beogh appreciates the orc wizard's killing of a heretic priest.

.. ##.# .(. #..
#.) #..
.####.)########
......().o..o.#
#####.#######@#
# #.# #.# #.# #
#.# #. ######.#
#.##......#
##.#.#.######
#.###..#


You could see an orc priest and an orc wizard.

Vanquished Creatures
  A hornet (D:7)
  Eustachio (D:5)
  An ice beast (D:5)
  A sky beast (D:5)
  A black bear (D:4)
  4 ogres
  3 centaurs
  A big kobold (D:7)
  2 scorpions
  A water moccasin skeleton (D:4)
  3 electric eels (D:6)
  A howler monkey (D:5)
  3 crimson imps
  A centaur zombie (D:6)
  5 hounds
  2 jellies
  4 orc priests
  4 orc wizards
  2 centaur skeletons (D:6)
  Terence (D:2)
  An iguana (D:4)
  8 worker ants
  Robin (D:2)
  5 gnolls
  A howler monkey skeleton (D:5)
  8 adders
  2 shadow imps (D:7)
  An ooze (D:1)
  3 worms
  11 dart slugs
  4 leopard geckos
  19 orcs
  2 giant cockroaches
  12 goblins
  7 hobgoblins
  A jackal (D:1)
  13 kobolds
  3 quokkas
  12 bats
  4 frilled lizards
  A quokka skeleton (D:3)
  A quokka zombie (D:5)
  5 rats (D:3)
167 creatures vanquished.

Vanquished Creatures (others)
  An orc warrior (D:7)
  An orc wizard (D:4)
  A shadow imp (D:4)
  A dart slug (D:6)
  2 orcs (D:7)
  A quokka skeleton (D:4)
7 creatures vanquished.

Grand Total: 174 creatures vanquished

Notes
Turn   | Place    | Note
-------+----------+-------------------------------------------
     0 | D:1      | slavetoarmok the Hill Orc Monk began the quest for the Orb.
     0 | D:1      | Reached XP level 1. HP: 19/19 MP: 1/1
   402 | D:1      | Reached XP level 2. HP: 27/27 MP: 2/2
   776 | D:1      | Reached XP level 3. HP: 33/33 MP: 3/3
  1359 | D:2      | Noticed Terence
  1647 | D:2      | Killed Terence
  1647 | D:2      | Reached XP level 4. HP: 17/41 MP: 4/4
  1884 | D:2      | Noticed Robin
  1890 | D:2      | Reached skill level 5 in Axes
  1901 | D:2      | Killed Robin
  1987 | D:2      | Reached skill level 5 in Fighting
  2257 | D:2      | Reached XP level 5. HP: 39/48 MP: 5/5
  3899 | D:3      | Found a runed door.
  4118 | D:3      | Reached XP level 6. HP: 25/56 MP: 6/6
  4479 | D:4      | Became a worshipper of Beogh the Brigand
  4479 | D:4      | Reached * piety under Beogh
  4479 | D:4      | Reached ** piety under Beogh
  4740 | D:4      | Found a glowing golden altar of the Shining One.
  4908 | D:4      | Reached XP level 7. HP: 60/63 MP: 7/7
  5181 | D:5      | Entered Level 5 of the Dungeon
  5333 | D:5      | Noticed Eustachio
  5377 | D:4      | HP: 3/64 [poisoned by an adder]
  5385 | D:4      | HP: 1/64 [poisoned by an adder]
  5387 | D:4      | Gained mutation: You occasionally shout uncontrollably at your foes. [potion of mutation]
  5387 | D:4      | Gained mutation: You have sharp toenails. [potion of mutation]
  5991 | D:5      | Reached XP level 8. HP: 65/73 MP: 8/8
  6030 | D:5      | Killed Eustachio
  6063 | D:5      | Found Wusus's Distillery.
  6072 | D:5      | Reached skill level 1 in Invocations
  6320 | D:5      | Bought a potion of heal wounds for 55 gold pieces
  6320 | D:5      | Bought a potion of curing for 33 gold pieces
  6320 | D:5      | Bought a potion of haste for 110 gold pieces
  6382 | D:5      | Reached skill level 5 in Dodging
  7219 | D:6      | Reached XP level 9. HP: 45/82 MP: 12/12
  7454 | D:6      | Reached *** piety under Beogh
  7454 | D:6      | Reached skill level 5 in Invocations
  7926 | D:7      | Lost mutation: You occasionally shout uncontrollably at your foes. [potion of mutation]
  7926 | D:7      | Lost mutation: You have sharp toenails. [potion of mutation]
  7926 | D:7      | Gained mutation: You occasionally shout uncontrollably at your foes. [potion of mutation]
  7926 | D:7      | Gained mutation: Your system is resistant to poisons. (rPois) [potion of mutation]
  7926 | D:7      | Gained mutation: You are partially covered in molten scales. (AC +2) [potion of mutation]
  8159 | D:7      | Found a staircase to the Ecumenical Temple.
  8701 | D:7      | Noticed a hornet
  8712 | D:7      | Paralysed by a hornet for 1 turns
  8723 | D:7      | Killed a hornet
  8732 | D:7      | Killed from afar by an orc wizard

Vault maps used:
D:1:      lightli_arrival_boilingwater, serial_forest,
          infiniplex_forest_lined_1, infiniplex_forest_lined_room_2,
          infiniplex_forest_corner_2, infiniplex_forest_straight_4,
          infiniplex_forest_straight_1, infiniplex_forest_clump_curved,
          infiniplex_forest_lined_4_way, infiniplex_forest_corner_2
D:2:      uniq_robin, uniq_terence
D:3:      uniq_crazy_yiuf_cottage
D:4:      black_bear_nest_2, first_bread, tso_metal_star
D:5:      serial_shops, nicolae_shop_stone, uniq_eustachio
D:6:      kennysheep_slugbush
D:7:      minmay_temple_entry_junction, grunt_ogre_cave

Skill      XL: |  1  2  3  4  5  6  7  8  9 |
---------------+----------------------------+-----
Fighting       | 4 5 6 7 8 9 |  9.1
Axes           | 5 6 7 8 9 |  9.8
Dodging        | 3 4 5 |  5.9
Invocations    | 4 6 |  6.6
Stealth        | |  1.5

Action                   |  1- 3 |  4- 6 |  7- 9 || total
-------------------------+-------+-------+-------++-------
Melee: Hand axe          |   109 |   265 |   384 ||   758
Invok: Convert to Beogh  |       |     1 |       ||     1
  Use: Potion            |       |       |    11 ||    11
       Scroll            |       |       |     2 ||     2
 Stab: Sleeping          |     3 |     4 |       ||     7
       Distracted        |       |     2 |       ||     2
  Eat: Chunk             |     2 |    10 |     9 ||    21
       Royal jelly       |       |       |     2 ||     2
Armor: Robe              |    42 |    32 |       ||    74
       Ring mail         |       |    42 |   147 ||   189
Dodge: Dodged            |    96 |   130 |   229 ||   455
Block: Buckler           |       |    23 |    48 ||    71
